 Dungeon Crawl Stone Soup version 0.31-a0-435-g2c6fae2916 (webtiles) character file.

Game seed: 18255510818670867393

320 lunkers the Ruffian (level 7, 0/57 HPs)
             Began as a Meteoran Shapeshifter on Aug 1, 2023.
             Slain by a +1 spectral club (5 damage)
             ... created by Ijyb
             ... on level 3 of the Dungeon.
             The game lasted 00:01:57 (1014 turns).

lunkers the Ruffian (Meteoran Shapeshifter)         Turns: 1014, Time: 00:01:57

Health: 0/57       AC:  5    Str: 17    XL:     7   Next: 5%
Magic:  8/8        EV: 12    Int: 10    God:
Gold:   151        SH:  5    Dex: 16    Spells: 6/6 levels left

rFire   . .          .
                       - Unarmed
rCold   . . .        (no shield)
rNeg    . . .        l - +0 ring mail
rPois   .            (helmet currently unavailable)
rElec   .            (cloak currently unavailable)
rCorr   .            (gloves currently unavailable)
SInv    .            (boots currently unavailable)
Will    .....        b - amulet of reflection
Stlth   +            (no ring)
HPRegen 0.29/turn    (no ring)
MPRegen 0.11/turn

%: reflection
@: beast-form, glowing
A: beast (slay +3), sense surroundings 1, otherworldly, glowing, explore regen
a: Begin Untransformation


You were on level 3 of the Dungeon.
You were a hulking beast.
You visited 1 branch of the dungeon, and saw 3 of its levels.

You collected 151 gold pieces.

Inventory:

Armour
 a - a +0 animal skin
 f - a +0 helmet
 l - a +0 ring mail (worn)
Jewellery
 b - an amulet of reflection (around neck)
Talismans
 c - a beast talisman (active)
Wands
 o - a wand of flame (15)
Scrolls
 g - 2 scrolls of fear {unknown}
 h - 2 scrolls of vulnerability {unknown}
 i - 3 scrolls of identify {unknown}
 j - a scroll of immolation {unknown}
 k - 2 scrolls of teleportation {unknown}
 n - a scroll of brand weapon {unknown}
Potions
 d - a potion of degeneration {unknown}
 e - 2 potions of might {unknown}
 m - a potion of heal wounds {unknown}
 p - a potion of enlightenment {unknown}


   Skills:
 + Level 3.1 Fighting
 + Level 4.1 Dodging
 * Level 6.0 Unarmed Combat
 + Level 4.6 Shapeshifting


You had 6 spell levels left.
You didn't know any spells.
Your spell library was empty.

Dungeon Overview and Level Annotations

Branches:
Dungeon (3/15) Zot: 799

Altars:

Shops:
D:2 (

Annotations:
D:3 Ijyb


Innate Abilities, Weirdness & Mutations

You are a hulking beast.
Your limbs bulge with bestial killing power. (Slay +3)
You passively map a small area around you.
You are easily found by Zot.
You glow in the dark.
You regain HP and MP as you explore.


Message History

Ijyb closely misses you. The +1 spectral club hits you.
* * * LOW HITPOINT WARNING * * *
You hit Ijyb.
Ijyb is moderately wounded.
You block the +1 spectral club's attack.
Ijyb hits you with a +1 spectral club.
* * * LOW HITPOINT WARNING * * *
The +1 spectral club closely misses you.
Unknown command.
Unknown command.
You hit Ijyb.
Ijyb is heavily wounded.
The +1 spectral club hits you.
* * * LOW HITPOINT WARNING * * *
Ijyb hits you with a +1 spectral club.
* * * LOW HITPOINT WARNING * * *
The +1 spectral club barely misses you.
Unknown command.
You hit Ijyb. Your punch misses Ijyb.
Ijyb is heavily wounded.
Unknown command.
Unknown command.
You hit Ijyb.
Ijyb is severely wounded.
Ijyb barely misses you. The +1 spectral club hits you.
* * * LOW HITPOINT WARNING * * *
Unknown command.
You hit Ijyb.
Ijyb is almost dead.
Ijyb closely misses you.
The +1 spectral club hits you but does no damage.
Unknown command.
Unknown command.
You hit Ijyb but do no damage.
Ijyb is almost dead.
The +1 spectral club hits you.
* * * LOW HITPOINT WARNING * * *
You block the +1 spectral club's attack.
Ijyb barely misses you. The +1 spectral club hits you.
You die...

#...........###.# ## ,
#...........# #.## #. ,
,#...........###..## #. ,
*#.................# #.
#.................#######'
########..........#.......
#..........#.......
#.................. ** ,
#.h................ , , *
#.g(...............
#..........##....## , ,, *
.............>#### , ,
.......######### ,
,.........,, , *
..........., ,
............. , , , *


You could see a +1 spectral club and Ijyb.

Vanquished Creatures
  Sigmund (D:3)
  Natasha (thrice) (D:3)
  4 adders
  A dart slug (D:1)
  An orc (D:3)
  6 ball pythons
  3 giant cockroaches (D:1)
  5 goblins
  4 hobgoblins (D:1)
  10 jackals
  3 quokkas (D:1)
  6 bats
  A frilled lizard (D:2)
  3 kobolds
  3 rats
54 creatures vanquished.

Notes
Turn   | Place    | Note
-------+----------+-------------------------------------------
     0 | D:1      | lunkers the Meteoran Shapeshifter began the quest for the
                  | Orb.
     0 | D:1      | Reached XP level 1. HP: 16/16 MP: 2/2
    68 | D:1      | Reached XP level 2. HP: 23/23 MP: 3/3
   101 | D:1      | Reached skill level 4 in Unarmed Combat
   133 | D:1      | Reached XP level 3. HP: 17/28 MP: 4/4
   411 | D:2      | Found Pyxi Wyb's Weapon Boutique.
   478 | D:2      | Reached XP level 4. HP: 36/36 MP: 5/5
   700 | D:3      | Noticed Natasha
   703 | D:3      | Killed Natasha
   704 | D:3      | Reached XP level 5. HP: 41/41 MP: 6/6
   712 | D:3      | Noticed Sigmund
   722 | D:3      | Killed Sigmund
   723 | D:3      | Reached skill level 5 in Unarmed Combat
   723 | D:3      | Reached XP level 6. HP: 39/51 MP: 7/7
   935 | D:3      | Noticed Natasha
   945 | D:3      | Killed Natasha
   954 | D:3      | Noticed Natasha
   961 | D:3      | Killed Natasha
   962 | D:3      | Reached skill level 6 in Unarmed Combat
   962 | D:3      | Reached XP level 7. HP: 43/57 MP: 8/8
  1002 | D:3      | Noticed Ijyb
  1014 | D:3      | Slain by a +1 spectral club

Illustrated notes

Levels and vault maps discovered:
D:1:      dpeg_arrival_chambers_temple_mockup, layout_rooms,
          corexii_corridor_pit, minmay_misc_feat_diagonals
D:2:      layout_rooms, serial_shops, shop, minmay_tromino_v7
D:3:      layout_basic, uniq_sigmund, uniq_terence, uniq_natasha, uniq_ijyb

Skill      XL: |  1  2  3  4  5  6 |
---------------+-------------------+-----
Unarmed Combat | 4 5 6 |  6.0
Dodging        | 3 4 |  4.1
Shapeshifting  | 4 |  4.6
Fighting       | 2 3 |  3.1

Action                     |  1- 3 |  4- 6 |  7- 9 || total
---------------------------+-------+-------+-------++-------
  Melee: Unarmed           |    88 |    60 |     9 ||   157
         Punch             |     2 |     3 |       ||     5
    Use: Potion            |     1 |       |       ||     1
 Armour: Animal skin       |    23 |     2 |       ||    25
         Skin              |    26 |       |       ||    26
         Ring mail         |       |    15 |     2 ||    17
  Dodge: Dodged            |    70 |    13 |     8 ||    91
  Block: Other             |       |     9 |     3 ||    12

Table legend: (Time is in decaauts)
 A = Elapsed time spent in this place.
 B = Non-inter-level travel time spent in this place.
 C = Inter-level travel time spent in this place.
 D = Time resting spent in this place.
 E = Time spent auto-exploring this place.
 F = Levels seen in this place.
 G = Mean time per level.
                   A        B        C        D        E       F      G
               +--------+--------+--------+--------+--------+-----+--------+
         Total |    999 |    976 |     23 |     10 |    598 |   3 |  333.0 |
       Dungeon |    999 |    976 |     23 |     10 |    598 |   3 |  333.0 |
               +--------+--------+--------+--------+--------+-----+--------+

Top non-repeatable levels by time:
     D:1: 397 daAuts
     D:3: 308 daAuts
     D:2: 294 daAuts
